 Dungeon Crawl Stone Soup version 0.26-a0-658-gbdda728c12 (webtiles) character file.

Game seed: 12927026254724297374

1557 wellesgreysong the Destroyer (level 8, -6/44 HPs)
             Began as a Deep Elf Conjurer on Oct 5, 2020.
             Was an Initiate of Sif Muna.
             Hit by a boomerang thrown by an orc warrior (16 damage)
             ... on level 6 of the Dungeon.
             The game lasted 00:23:49 (8068 turns).

wellesgreysong the Destroyer (Deep Elf Conjurer)    Turns: 8068, Time: 00:23:49

Health: -6/44      AC:  6    Str:  4    XL:     8   Next: 58%
Magic:  2/18       EV: 13    Int: 26    God:    Sif Muna [......]
Gold:   214        SH:  0    Dex: 13    Spells: 4/18 levels left

rFire    . . .     SeeInvis +   n - staff of cold
rCold    + . .     Faith    .   (no shield)
rNeg     . . .     Spirit   .   a - +0 robe
rPois    .         Reflect  .   u - +0 helmet
rElec    .         Harm     .   y - +0 cloak
rCorr    .         Rampage  .   v - +0 pair of gloves
MR       .....                  t - +0 pair of boots
Stlth    ++........             (no amulet)
HPRegen  0.14/turn              h - ring of see invisible
MPRegen  0.16/turn              (no ring)

@: no status effects
A: no striking features
a: Renounce Religion


You were on level 6 of the Dungeon.
You worshipped Sif Muna.
Sif Muna was noncommittal.
You visited 2 branches of the dungeon, and saw 7 of its levels.
You also visited: Sewer.

You collected 263 gold pieces.
You spent 49 gold pieces at shops.

Inventory:

Hand Weapons
 e - a +0 dagger
Armour
 a - a +0 robe (worn)
 t - a +0 pair of boots (worn)
 u - a +0 helmet (worn)
 v - a +0 pair of gloves (worn)
 y - a +0 cloak (worn)
Magical Staves
 n - an uncursed staff of cold (weapon)
Jewellery
 h - a ring of see invisible (left hand)
Wands
 r - a wand of iceblast (10)
 z - a wand of random effects (24)
Scrolls
 c - a scroll of fear {unknown}
 f - 9 scrolls of remove curse
 i - a scroll of enchant weapon {unknown}
 j - a scroll of enchant armour {unknown}
 k - a scroll of blinking {unknown}
 l - a scroll of immolation {unknown}
 o - 2 scrolls of teleportation {unknown}
 w - 2 scrolls of magic mapping
 x - a scroll of noise {unknown}
 A - a scroll of fog {unknown}
 C - a scroll of identify
Potions
 b - 4 potions of heal wounds {unknown}
 d - 7 potions of curing
 g - 3 potions of might
 m - 4 potions of flight {unknown}
 p - a potion of mutation {unknown}
 q - a potion of degeneration {unknown}
 s - 3 potions of lignification
 B - a potion of brilliance {unknown}


   Skills:
 + Level 2.2 Fighting
 - Level 2.4 Dodging
 - Level 2.4 Stealth
 - Level 5.7 Spellcasting
 * Level 8.9 Conjurations
 * Level 6.4 Hexes
 + Level 2.9 Invocations
 + Level 3.0 Evocations


You had 4 spell levels left.
You knew the following spells:

 Your Spells              Type           Power        Failure   Level
a - Magic Dart            Conj           ####         1%          1
b - Searing Ray           Conj           ######       1%          2
c - Dazzling Flash        Conj/Hex       #####.       1%          3
d - Fulminant Prism       Conj/Hex       #####.....   3%          4
e - Iskenderun's Mystic   Conj/Tloc      ####....     12%         4

Your spell library contained the following spells:

 Spells                   Type           Power        Failure   Level
 Corona                   Hex            #####..      1%          1
 Animate Skeleton         Necr           #.....       7%          1
 Apportation              Tloc           #.....       7%          1
 Summon Small Mammal      Summ           #...         7%          1


Dungeon Overview and Level Annotations

Branches:
Dungeon (6/15)             Temple (1/1) D:4           Sewer (visited)

Altars:
Dithmenos
Fedhas
Hepliaklqana
Kikubaaqudgha
Sif Muna
Wu Jian
Yredelemnul

Shops:
D:5 [

Annotations:
D:3 1 runed translucent door, Crazy Yiuf


Message History

Okay, then.
Casting: Fulminant Prism (dangerous; 3% risk of failure)
Confirm with . or Enter, or press ? or * to list all spells.
Aiming: Magic Dart (safe; 1% risk of failure)
Press: ? - help, Shift-Dir - straight line, f/p - orc warrior
Aim: an orc warrior, wielding a +0 battleaxe, wearing a +0 plate armour and quivering 7 boomerangs (almost dead)
The magic dart hits the orc warrior.
The orc warrior is almost dead.
The orc warrior throws a boomerang.
The boomerang closely misses you.
The weapon returns to the orc warrior!
Casting: Magic Dart (safe; 1% risk of failure)
Confirm with . or Enter, or press ? or * to list all spells.
Aiming: Searing Ray (safe; 1% risk of failure)
Press: ? - help, Shift-Dir - straight line, f/p - orc warrior
Aim: an orc warrior, wielding a +0 battleaxe, wearing a +0 plate armour and quivering 7 boomerangs (almost dead)
The searing ray hits the orc warrior but does no damage.
The orc warrior is almost dead. (Press . to maintain the ray.)
The orc warrior throws a boomerang.
The boomerang hits you!
You die...

#.##.#.###.# ######.#....
#......# #.# #......
####.#####.#############......
#.............[............
###############.#########......
#.........# #.# ##.....
###.#.#.###.# #.# #####....
....#.#..##.# ##.## #.......#
#####.......# #@..# #.####..#
#####.##.#..# #...######.####..#
.##.........####..........##....#
.##.#......##......o..##..##.##.#
.##.#..##..#....#.#....#..##.##.#
.................(.(.............
.##........#..#.....#..#..##.#.##
.##..#.##.###......)...........#
..........# #.#.....#....>##...#


You could see an orc warrior.

Vanquished Creatures
  An ice beast (D:6)
  3 sky beasts
  An ogre (D:4)
  A phantom (D:5)
  A centaur (D:5)
  A big kobold (Sewer)
  A centaur zombie (D:6)
  4 hounds
  2 orc wizards (D:4)
  A jelly (D:6)
  2 bullfrog skeletons (D:6)
  Jessica (D:2)
  Ijyb (D:3)
  6 worker ants
  Natasha (twice) (D:3)
  3 iguanas
  7 adders
  A howler monkey skeleton (D:4)
  2 river rats (Sewer)
  A white imp (D:5)
  3 oozes
  An ufetubus (D:6)
  5 worms
  4 dart slugs
  4 leopard geckos
  12 orcs
  5 ball pythons
  8 giant cockroaches
  8 goblins
  5 hobgoblins
  10 jackals
  10 kobolds
  6 quokkas (D:4)
  A ball python skeleton (D:4)
  8 bats
  2 frilled lizards (D:2)
  A jackal skeleton (D:4)
  A leopard gecko skeleton (D:4)
  10 rats
146 creatures vanquished.

Vanquished Creatures (others)
  7 fulminant prisms
7 creatures vanquished.

Grand Total: 153 creatures vanquished

Notes
Turn   | Place    | Note
-------+----------+-------------------------------------------
     0 | D:1      | wellesgreysong the Deep Elf Conjurer began the quest for
                  | the Orb.
     0 | D:1      | Reached XP level 1. HP: 10/10 MP: 6/6
   189 | D:1      | Reached XP level 2. HP: 14/15 MP: 0/8
   488 | D:1      | Reached skill level 5 in Conjurations
   548 | D:1      | Learned a level 2 spell: Searing Ray
   676 | D:1      | Reached XP level 3. HP: 19/19 MP: 7/10
  1713 | D:2      | Noticed Jessica
  1717 | D:2      | Killed Jessica
  1717 | D:2      | Reached XP level 4. HP: 24/24 MP: 7/12
  2021 | D:3      | Reached skill level 6 in Conjurations
  2107 | D:3      | Found a basalt altar of Yredelemnul.
  2327 | D:3      | Noticed Natasha
  2330 | D:3      | Killed Natasha
  2330 | D:3      | Reached XP level 5. HP: 14/28 MP: 10/14
  2521 | D:3      | Learned a level 3 spell: Dazzling Flash
  2715 | D:3      | Noticed Ijyb
  2729 | D:3      | Killed Ijyb
  2729 | D:3      | Reached skill level 1 in Hexes
  3139 | D:3      | Noticed Natasha
  3149 | D:3      | Killed Natasha
  3149 | D:3      | Reached skill level 5 in Spellcasting
  3475 | D:3      | Found a runed translucent door.
  3476 | D:3      | Noticed Crazy Yiuf
  3854 | D:4      | Reached XP level 6. HP: 32/32 MP: 8/15
  3964 | D:4      | Reached skill level 7 in Conjurations
  4575 | D:4      | Found a staircase to the Ecumenical Temple.
  4581 | Temple   | Entered the Ecumenical Temple
  4587 | Temple   | Became a worshipper of Sif Muna the Loreminder
  5058 | D:5      | Entered Level 5 of the Dungeon
  5128 | D:5      | Reached XP level 7. HP: 37/37 MP: 10/17
  5323 | D:5      | Reached skill level 1 in Invocations
  5333 | D:5      | Reached skill level 1 in Fighting
  5333 | D:5      | Reached skill level 1 in Evocations
  5700 | D:4      | Reached skill level 8 in Conjurations
  6098 | D:5      | Learned a level 4 spell: Fulminant Prism
  6406 | D:5      | Found Wiutroet's Armour Boutique.
  6409 | D:5      | Bought a +0 pair of boots for 49 gold pieces
  6746 | D:6      | Reached skill level 5 in Hexes
  6759 | D:6      | Reached XP level 8. HP: 43/43 MP: 9/18
  7385 | D:6      | Found a glowing drain.
  7398 | Sewer    | Entered a sewer
  7593 | Sewer    | Found a glowing silver altar of Zin.
  8063 | D:6      | Learned a level 4 spell: Iskenderun's Mystic Blast
  8068 | D:6      | Hit by a boomerang thrown by an orc warrior

Illustrated notes

Levels and vault maps discovered:
D:1:      minmay_arrival_wavy_path, layout_rooms, minmay_small_reverse_x
D:2:      layout_loops_corners, uniq_jessica
D:3:      layout_loops_corners, old_standard_altar, minmay_tree_intersection,
          kennysheep_generic_room_15, uniq_ijyb, uniq_crazy_yiuf_cottage,
          uniq_natasha
D:4:      minmay_clustersquares, layout_loops_ring, minmay_temple_entry_waves
D:5:      layout_layer_cave, serial_shops, kennysheep_mini_moat
D:6:      layout_loops_cross, cheibrodos_sewer_entry_bend, st_stairs_2
Temple:   nicolae_temple_the_god_donut

Skill      XL: |  1  2  3  4  5  6  7  8 |
---------------+-------------------------+-----
Conjurations   | 5 6 7 8 |  8.9
Spellcasting   | 4 5 |  5.7
Hexes          | 1 3 5 6 |  6.4
Invocations    | 2 |  2.9
Fighting       | 1 2 |  2.2
Evocations     | 2 3 |  3.0
Dodging        | |  2.4
Stealth        | |  2.4

Action                   |  1- 3 |  4- 6 |  7- 9 || total
-------------------------+-------+-------+-------++-------
Melee: Unarmed           |     5 |       |       ||     5
       Dagger            |     6 |    12 |     1 ||    19
 Cast: Magic Dart        |    64 |    81 |    80 ||   225
       Searing Ray       |     2 |    23 |    21 ||    46
       Dazzling Flash    |       |     1 |     2 ||     3
       Fulminant Prism   |       |       |     7 ||     7
  Use: Scroll            |       |       |     7 ||     7
Armor: Robe              |     4 |     5 |    10 ||    19
Dodge: Dodged            |    16 |    21 |    26 ||    63

Table legend: (Time is in decaauts)
 A = Elapsed time spent in this place.
 B = Non-inter-level travel time spent in this place.
 C = Inter-level travel time spent in this place.
 D = Time resting spent in this place.
 E = Time spent auto-exploring this place.
 F = Levels seen in this place.
 G = Mean time per level.
                   A        B        C        D        E       F      G
               +--------+--------+--------+--------+--------+-----+--------+
         Total |   8098 |   7825 |    273 |   2317 |   4072 |   8 | 1012.2 |
       Dungeon |   7820 |   7551 |    269 |   2198 |   4072 |   6 | 1303.3 |
        Temple |     13 |      9 |      4 |      0 |      0 |   1 |   13.0 |
         Sewer |    263 |    263 |      0 |    119 |      0 |   1 |  263.0 |
               +--------+--------+--------+--------+--------+-----+--------+

Top non-repeatable levels by time:
     D:3: 1789 daAuts
     D:5: 1588 daAuts
     D:4: 1369 daAuts
     D:2: 1093 daAuts
     D:6: 1060 daAuts
     D:1: 919 daAuts
   Sewer: 263 daAuts
  Temple: 13 daAuts
